 Dungeon Crawl Stone Soup version 0.29-a0-380-gf50f0a9fbc (webtiles) character file.

Game seed: 10142198750379782323

175 Antichthon the Shield-Bearer (level 5, -8/33 HPs)
             Began as a Gargoyle Fighter on May 6, 2022.
             Mangled by an ogre
             ... wielding a +0 giant club
              (14 damage)
             ... on level 3 of the Dungeon.
             The game lasted 00:04:42 (2901 turns).

Antichthon the Shield-Bearer (Gargoyle Fighter)     Turns: 2901, Time: 00:04:43

Health: -8/33      AC: 17    Str: 19    XL:     5   Next: 55%
Magic:  6/6        EV:  3    Int: 11    God:
Gold:   190        SH: 11    Dex:  9    Spells: 4/4 levels left

rFire   . . .      SeeInvis .   a - +0 flail
rCold   . . .      Faith    .   i - +0 tower shield
rNeg    + . .      Spirit   .   c - +0 chain mail
rPois   ∞          Reflect  .   j - +1 helmet
rElec   +          Harm     .   (no cloak)
rCorr   .          Rampage  .   (no gloves)
Will    +....                   e - +1 pair of boots
Stlth   ..........              (no amulet)
HPRegen 0.11/turn               h - ring of willpower
MPRegen 0.10/turn               (no ring)

@: no status effects
A: sickness immunity, AC +4, negative energy resistance 1, electricity
resistance, torment resistance 1, petrification resistance
a: no special abilities


You were on level 3 of the Dungeon.
You visited 1 branch of the dungeon, and saw 4 of its levels.

You collected 190 gold pieces.

Inventory:

Hand Weapons
 a - a +0 flail (weapon)
Armour
 c - a +0 chain mail (worn)
 e - a +1 pair of boots (worn)
 i - a +0 tower shield (worn)
 j - a +1 helmet (worn)
Jewellery
 h - a ring of willpower (left hand)
Wands
 b - a wand of mindburst (10)
Scrolls
 k - a scroll of identify
Potions
 d - a potion of might
 f - a potion of resistance
 g - a potion of curing


   Skills:
 * Level 3.8 Fighting
 * Level 3.6 Maces & Flails
 * Level 3.9 Armour
 * Level 0.9 Dodging
 * Level 4.1 Shields
 * Level 1.5 Invocations


You had 4 spell levels left.
You didn't know any spells.
Your spell library contained the following spells:

 Spells                   Type           Power      Damage    Failure   Level
 Animate Skeleton         Necr           0%         N/A       100%        1
 Apportation              Tloc           0%         N/A       100%        1
 Magic Dart               Conj           0%         1d3       100%        1
 Summon Small Mammal      Summ           0%         N/A       100%        1
 Searing Ray              Conj           0%         2d4       100%        2
 Airstrike                Air            0%         N/A       100%        4
 Fulminant Prism          Conj/Hex       0%         3d6       100%        4
 Summon Lightning Spire   Summ/Air       0%         N/A       100%        4
 Lightning Bolt           Conj/Air       0%         1d11      100%        5


Dungeon Overview and Level Annotations

Branches:
Dungeon (4/15)
 Temple: D:4-7

Altars:
Ashenzari


Innate Abilities, Weirdness & Mutations

You are immune to sickness and miasma.
Your stone body is resilient. (AC +4)
You are immune to poison.
You resist negative energy. (rN+)
You are resistant to electric shocks. (rElec)
You are resistant to unholy torment.
You are immune to petrification.


Message History

You block the bat's attack. You block the bat's attack.
You sock the bat!
You kill the bat!
You see here a bat corpse.
You enter the shallow water.
Moving in this stuff is going to be slow.
You enter the shallow water.
Moving in this stuff is going to be slow.
You open the door.
There is an open door here.
You enter the shallow water.
Moving in this stuff is going to be slow.
You enter the shallow water.
Moving in this stuff is going to be slow.
There is a stone staircase leading up here.
You now have 190 gold pieces (gained 7).
An ogre comes into view. It is wielding a +0 giant club.
The ogre shouts!
An ogre is nearby!
The ogre attacks as you move away! The ogre hits you with a +0 giant club.
You thump the ogre!
The ogre is moderately wounded.
You block the ogre's attack. The ogre hits you with a +0 giant club.
You barely miss the ogre.
The ogre is moderately wounded.
The ogre hits you with a +0 giant club!!
Ouch! That really hurt!
* * * LOW HITPOINT WARNING * * *
You sock the ogre!
The ogre is severely wounded.
You block the ogre's attack.
Okay, then.
You barely miss the ogre.
The ogre is severely wounded.
You block the ogre's attack.
You hit the ogre.
The ogre is almost dead.
The ogre hits you with a +0 giant club!
You die...

##...# #### #?....###### #...
#..........# #... #.....#.##.#
#... #...#...#.# ##... #.#......#
##.... #.##...#.# #.....
####........####### #.....
.......####....O@.# #.....
##.#..#...#..####.# #.....
.#....#........##.# #.....
.#.####....###.##.# #.....
...#⌠.##+.#.⌠#..#.## #.....
...#.........#.....## ####..
###.........#####...###########..
#...#.......#...#................
#...+..._...+...'..#.............


You could see an ogre.

Vanquished Creatures
  12 adders
  3 worms
  2 dart slugs (D:1)
  An orc (D:3)
  5 bats
  4 endoplasms
  A giant cockroach (D:1)
  5 goblins
  4 hobgoblins
  10 kobolds
  2 quokkas (D:2)
  5 ball pythons
  2 frilled lizards
  3 rats
59 creatures vanquished.

Vanquished Creatures (others)
  28 plants (D:3)
28 creatures vanquished.

Grand Total: 87 creatures vanquished

Notes
Turn   | Place    | Note
-------+----------+-------------------------------------------
     0 | D:1      | Antichthon the Gargoyle Fighter began the quest for the
                  | Orb.
     0 | D:1      | Reached XP level 1. HP: 14/14 MP: 1/1
    96 | D:1      | Reached XP level 2. HP: 17/19 MP: 2/2
   659 | D:1      | Reached XP level 3. HP: 23/23 MP: 3/3
  1010 | D:2      | Noticed a floating eye
  1017 | D:2      | Found a faded altar of an unknown god.
  1018 | D:2      | Noticed a shining eye
  1018 | D:2      | Noticed a golden eye
  1018 | D:2      | Noticed a golden eye
  1168 | D:2      | Reached XP level 4. HP: 21/28 MP: 4/4
  1442 | D:2      | Reached skill level 1 in Invocations
  1919 | D:3      | Found a broken altar of Ashenzari.
  1938 | D:3      | Reached XP level 5. HP: 30/33 MP: 5/5
  2024 | D:3      | You fall into a shaft and drop 1 floor!
  2085 | D:4      | Noticed an orc warrior
  2138 | D:3      | Reached skill level 4 in Shields
  2884 | D:3      | Noticed an ogre
  2901 | D:3      | Mangled by an ogre

Illustrated notes

Levels and vault maps discovered:
D:1:      evilmike_arrival_plus, layout_loops_ring, minmay_hedge_maze
D:2:      layout_basic, hellmonk_ecumenical_altar_watching_god
D:3:      wad_pebble_path, layout_loops_corners, evilmike_ruin_ashenzari,
          serial_bayou, serial_bayou_shore_a, serial_bayou_lagoon_a,
          serial_bayou_ford_a
D:4:      layout_cave_pods, dreamdust_princess_bridge, uniq_menkaure

Skill      XL: |  1  2  3  4  5 |
---------------+----------------+-----
Maces & Flails | 3 |  3.6
Invocations    | 1 |  1.5
Shields        | 4 |  4.1
Fighting       | |  3.8
Armour         | |  3.9
Dodging        | |  0.9

Action                   |  1- 3 |  4- 6 || total
-------------------------+-------+-------++-------
Melee: Flail             |   141 |   134 ||   275
  Use: Scroll            |     5 |     3 ||     8
Armor: Scale mail        |    94 |    19 ||   113
       Chain mail        |       |    92 ||    92
Dodge: Dodged            |    82 |    28 ||   110
Block: Buckler           |    33 |     6 ||    39
       Tower shield      |       |   104 ||   104

Table legend: (Time is in decaauts)
 A = Elapsed time spent in this place.
 B = Non-inter-level travel time spent in this place.
 C = Inter-level travel time spent in this place.
 D = Time resting spent in this place.
 E = Time spent auto-exploring this place.
 F = Levels seen in this place.
 G = Mean time per level.
                   A        B        C        D        E       F      G
               +--------+--------+--------+--------+--------+-----+--------+
         Total |   3042 |   2979 |     63 |      5 |   2136 |   4 |  760.5 |
       Dungeon |   3042 |   2979 |     63 |      5 |   2136 |   4 |  760.5 |
               +--------+--------+--------+--------+--------+-----+--------+

Top non-repeatable levels by time:
     D:3: 1225 daAuts
     D:1: 881 daAuts
     D:2: 848 daAuts
     D:4: 87 daAuts
